 Dungeon Crawl Stone Soup version 0.22.1-2-g9c5b331 (webtiles) character file.

57 Fang the Skirmisher (level 4, 0/29 HPs)
             Began as a Gargoyle Berserker on Nov 14, 2018.
             Was a Believer of Trog.
             Slain by a quokka (4 damage)
             ... on level 3 of the Dungeon.
             The game lasted 00:01:17 (901 turns).

Fang the Skirmisher (Gargoyle Berserker)             Turns: 901, Time: 00:01:17

Health: 0/29       AC:  5    Str: 22    XL:     4   Next: 0%
Magic:  4/4        EV: 12    Int:  7    God:    Trog [**....]
Gold:   115        SH:  0    Dex:  9    Spells: 3/3 levels left

rFire    . . .     SeeInvis .   a - +0 hand axe
rCold    . . .     Gourm    .   (no shield)
rNeg     + . .     Faith    .   b - +0 animal skin
rPois    ∞         Spirit   .   (no helmet)
rElec    +         Reflect  .   (no cloak)
rCorr    .         Harm     .   (no gloves)
MR       .....                  (no boots)
Stlth    ++........             (no amulet)
HPRegen  0.09/turn              k - ring of stealth
MPRegen  0.09/turn              (no ring)

@: berserk cooldown, slowed, very slow
A: negative energy resistance 1, electricity resistance, unbreathing,
petrification resistance, rot immunity, AC +3
a: Berserk, Trog's Hand, Renounce Religion


You were on level 3 of the Dungeon.
You worshipped Trog.
Trog was pleased with you.
You were hungry.

You visited 1 branch of the dungeon, and saw 3 of its levels.

You collected 115 gold pieces.

Inventory:

Hand Weapons
 a - a +0 hand axe (weapon)
Armour
 b - a +0 animal skin (worn)
Jewellery
 k - a ring of stealth (left hand)
Scrolls
 d - a scroll of teleportation {unknown}
 e - 4 scrolls of identify {unknown}
 f - a scroll of random uselessness {unknown}
 l - a scroll of remove curse {unknown}
Potions
 g - 2 potions of heal wounds {unknown}
 h - a potion of magic {unknown}
 i - a potion of experience {unknown}
 j - a potion of degeneration {unknown}
 m - 2 potions of brilliance {unknown}
 n - a potion of mutation {unknown}
Comestibles
 c - 2 rations


   Skills:
 + Level 4.0 Fighting
 + Level 3.3 Axes
 + Level 2.3 Armour
 + Level 2.1 Dodging
 + Level 0.5 Stealth


You had 3 spell levels left.
You didn't know any spells.
Your spell library was empty.

Dungeon Overview and Level Annotations

Branches:
Dungeon (3/15)

Altars:
Qazlal

Annotations:
D:2 Sigmund


Innate Abilities, Weirdness & Mutations

You are resistant to torment.
Your stone body is resilient. (AC +3)
You are immune to poison.
You resist negative energy. (rN+)
You are resistant to electric shocks. (rElec)
You can survive without breathing.
You are immune to petrification.
You are immune to rotting.


Message History

You barely miss the jackal. You hit the rat. The jackal barely misses you. x2
The rat bites you but does no damage. The rat closely misses you.
The jackal bites you but does no damage.
Unknown command.
You barely miss the jackal. You barely miss the rat.
The jackal closely misses you. The rat completely misses you.
The jackal bites you but does no damage.
You barely miss the jackal. You hit the rat.
You kill the rat!
Trog accepts your kill.
You have reached level 4!
You feel stronger. The jackal barely misses you. The jackal closely misses you.
The jackal barely misses you.
You hit the jackal.
The jackal is lightly wounded.
The jackal misses you.
The jackal bites you but does no damage.
The quokka bites you.
You die...

## # . #. .#
.##..####.#
(.....h@..#####
....(.r<......#
##.#.########.#
#


You could see a quokka and a jackal.

Vanquished Creatures
  Natasha (D:2)
  An adder (D:2)
  A dart slug (D:2)
  3 hobgoblins
  A kobold (D:1)
  2 bats (D:1)
  2 frilled lizards (D:1)
  7 goblins (D:1)
  4 rats
22 creatures vanquished.

Notes
Turn   | Place    | Note
-------+----------+-------------------------------------------
     0 | D:1      | Fang the Gargoyle Berserker began the quest for the Orb.
     0 | D:1      | Reached XP level 1. HP: 14/14 MP: 1/1
    99 | D:1      | Reached XP level 2. HP: 17/19 MP: 2/2
   753 | D:2      | Reached XP level 3. HP: 17/24 MP: 3/3
   843 | D:2      | Found a stormy altar of Qazlal.
   877 | D:2      | Noticed Natasha
   882 | D:2      | Reached ** piety under Trog
   888 | D:2      | Killed Natasha
   888 | D:2      | Reached skill level 4 in Fighting
   889 | D:2      | Noticed Sigmund
   900 | D:3      | Reached XP level 4. HP: 3/29 MP: 4/4
   901 | D:3      | Slain by a quokka

Skill      XL: |  1  2  3 |
---------------+----------+-----
Dodging        | 2 |  2.1
Axes           | 3 |  3.3
Fighting       | 4 |  4.0
Armour         | |  2.3
Stealth        | |  0.5

Action                   |  1- 3 |  4- 6 || total
-------------------------+-------+-------++-------
Melee: Hand axe          |    51 |     1 ||    52
Invok: Berserk           |     1 |       ||     1
 Stab: Sleeping          |     2 |       ||     2
Armor: Animal skin       |    22 |     1 ||    23
Dodge: Dodged            |    49 |     4 ||    53
